MID
ATLANTA (MID) BRAVES @ HAGERSTOWN SUNS
08/11/2049
 
TOP OF THE 1ST
Atlanta (MID) Braves batting - Pitching for Hagerstown Suns : RHP Nolan Carew
Pitching: RHP Nolan Carew
Batting: LHB Eric Jackson 0-0: Ball
1-0: Foul Ball, location: 2F
1-1: Fly out, F6 (Line Drive, 6, EV 81.9 MPH)
Batting: RHB George Provance 0-0: Foul Ball, location: 2F
0-1: Foul Ball, location: 2F
0-2: Strikes out looking
Batting: LHB Tamaichi Sasada 0-0: Called Strike
0-1: Ball
1-1: Ball
2-1: Ball
3-1: Base on Balls
Batting: SHB Brett McEwen 0-0: Ball
1-0: Called Strike
1-1: Ball
2-1: Ball
3-1: Foul Ball, location: 2F
3-2: SINGLE (Flyball, 9LS, EV 91.9 MPH)
Tamaichi Sasada to second
Tamaichi Sasada to third
Batting: RHB Josh McCormick 0-0: Ball
1-0: Ball
2-0: Ball
3-0: Called Strike
3-1: Foul Ball, location: 2F
3-2: Foul Ball, location: 2F
3-2: Fly out, F3 (Popup, 3F, EV 71.2 MPH)
Top of the 1st over - 0 runs, 1 hit, 0 errors, 2 left on base; Atlanta (MID) 0 - Hagerstown 0
BOTTOM OF THE 1ST
Hagerstown Suns batting - Pitching for Atlanta (MID) Braves : RHP Walt Bunney
Pitching: RHP Walt Bunney
Batting: RHB Taffounnout Kame 0-0: SINGLE (Line Drive, 6D, EV 110.0 MPH)
Batting: LHB Vince McLane 0-0: Fielders Choice at 2nd, 5-4 (Groundball, 56, EV 90.0 MPH)
Batting: RHB Leo Gutierrez 0-0: Called Strike
Vince McLane steals 2nd, throwing error, E2
Vince McLane to third
0-1: Ball
1-1: Ball
2-1: Ball
3-1: Base on Balls
Batting: LHB Chance McWilliams 0-0: Ball
1-0: SINGLE (Groundball, 3S, EV 66.9 MPH) (infield hit)
Vince McLane scores
Leo Gutierrez to second
Batting: RHB Luis Vargas 0-0: Called Strike
0-1: Ball
1-1: Ball
2-1: Foul Ball, location: 2F
2-2: Foul Ball, location: 2F
2-2: Strikes out swinging
Batting: RHB Xavier Reeves 0-0: Called Strike
Chance McWilliams steals 2nd base
Leo Gutierrez steals 3rd base
0-1: SINGLE (Line Drive, 8LS, EV 95.0 MPH)
Leo Gutierrez scores
Chance McWilliams to third
Runner from 3rd tries for Home, SAFE, throw by CF to home
Batting: RHB Jelexiz Cuenca 0-0: Called Strike
Xavier Reeves steals 2nd base
0-1: Swinging Strike
0-2: Ball
1-2: DOUBLE (Line Drive, 9LM, EV 94.4 MPH)
Xavier Reeves scores
Batting: RHB Joe Simmelink 0-0: Ball
1-0: Ground out 5-3 (Groundball, 5S, EV 83.1 MPH)
Bottom of the 1st over - 4 runs, 4 hits, 1 error, 1 left on base; Atlanta (MID) 0 - Hagerstown 4
TOP OF THE 2ND
Atlanta (MID) Braves batting - Pitching for Hagerstown Suns : RHP Nolan Carew
Batting: RHB Nick Holsinger 0-0: Called Strike
0-1: SINGLE (Line Drive, 34D, EV 99.4 MPH)
Batting: RHB Alex Campos 0-0: Foul Ball, location: 2F
0-1: Ball
1-1: Foul Ball, location: 2F
1-2: Ball
2-2: Fly out, F2 (Popup, 25F, EV 84.4 MPH)
Batting: RHB Adonis Jenifer 0-0: Ball
Wild Pitch!
Nick Holsinger to second
1-0: Ball
2-0: Called Strike
2-1: Foul Ball, location: 2F
2-2: Foul Ball, location: 2F
2-2: Strikes out swinging
Batting: RHB Gabe Allen 0-0: Ground out 6-3 (Groundball, 6, EV 83.8 MPH)
Top of the 2nd over - 0 runs, 1 hit, 0 errors, 1 left on base; Atlanta (MID) 0 - Hagerstown 4
BOTTOM OF THE 2ND
Hagerstown Suns batting - Pitching for Atlanta (MID) Braves : RHP Walt Bunney
Batting: RHB Alex Martinez 0-0: Swinging Strike
0-1: Foul Ball, location: 2F
0-2: Foul Ball, location: 2F
0-2: Ball
1-2: Fly out, F8 (Flyball, 8LD, EV 85.0 MPH)
Batting: RHB Taffounnout Kame 0-0: Called Strike
0-1: Called Strike
0-2: Ball
1-2: Ball
2-2: Ball
3-2: Base on Balls
Batting: LHB Vince McLane 0-0: Called Strike
Taffounnout Kame is caught stealing 2nd base 2-6
0-1: Ball
1-1: Ball
2-1: Ground out 6-3 (Groundball, 6, EV 111.2 MPH)
Bottom of the 2nd over - 0 runs, 0 hits, 0 errors, 0 left on base; Atlanta (MID) 0 - Hagerstown 4
TOP OF THE 3RD
Atlanta (MID) Braves batting - Pitching for Hagerstown Suns : RHP Nolan Carew
Batting: LHB Eric Jackson 0-0: Called Strike
0-1: Ball
1-1: Foul Ball, location: 2F
1-2: Foul Ball, location: 2F
1-2: Ball
2-2: Fly out, F8 (Flyball, 8LXD, EV 106.2 MPH)
Batting: RHB George Provance 0-0: Ball
1-0: Foul Ball, location: 2F
1-1: Swinging Strike
1-2: Ball
2-2: Strikes out looking
Batting: LHB Tamaichi Sasada 0-0: Foul Ball, location: 2F
0-1: Ball
1-1: Called Strike
1-2: Ground out U3 (Groundball, 23, EV 88.1 MPH)
Top of the 3rd over - 0 runs, 0 hits, 0 errors, 0 left on base; Atlanta (MID) 0 - Hagerstown 4
BOTTOM OF THE 3RD
Hagerstown Suns batting - Pitching for Atlanta (MID) Braves : RHP Walt Bunney
Batting: RHB Leo Gutierrez 0-0: DOUBLE (Flyball, 89XD, EV 98.1 MPH)
Batting: LHB Chance McWilliams 0-0: Ground out 6-3 (Groundball, 6, EV 88.8 MPH)
Leo Gutierrez to third
Batting: RHB Luis Vargas 0-0: Ball
1-0: Called Strike
1-1: Foul Ball, location: 2F
1-2: Foul Ball, location: 2F
1-2: Foul Ball, location: 2F
1-2: Foul Ball, location: 2F
1-2: SINGLE (Groundball, 56D, EV 105.0 MPH)
Leo Gutierrez scores
Batting: RHB Xavier Reeves 0-0: Ball
1-0: Swinging Strike
1-1: Called Strike
1-2: Strikes out looking
Batting: RHB Jelexiz Cuenca 0-0: Fielders Choice at 2nd, 5-4 (Groundball, 5, EV 110.6 MPH)
Bottom of the 3rd over - 1 run, 2 hits, 0 errors, 1 left on base; Atlanta (MID) 0 - Hagerstown 5
TOP OF THE 4TH
Atlanta (MID) Braves batting - Pitching for Hagerstown Suns : RHP Nolan Carew
Batting: SHB Brett McEwen 0-0: Foul Ball, location: 2F
0-1: Ball
1-1: Ball
2-1: Ground out 4-3 (Groundball, 4S, EV 91.9 MPH)
Batting: RHB Josh McCormick 0-0: Ground out 5-3 (Groundball, 56, EV 106.2 MPH)
Batting: RHB Nick Holsinger 0-0: Ball
1-0: Foul Ball, location: 2F
1-1: Called Strike
1-2: Ball
2-2: Ball
3-2: Base on Balls
Batting: RHB Alex Campos 0-0: Fly out, F6 (Line Drive, 6, EV 101.9 MPH)
Top of the 4th over - 0 runs, 0 hits, 0 errors, 1 left on base; Atlanta (MID) 0 - Hagerstown 5
BOTTOM OF THE 4TH
Hagerstown Suns batting - Pitching for Atlanta (MID) Braves : RHP Walt Bunney
Batting: RHB Joe Simmelink 0-0: Foul Ball, location: 2F
0-1: Foul Ball, location: 2F
0-2: Strikes out swinging
Batting: RHB Alex Martinez 0-0: Called Strike
0-1: Ground out 4-3 (Groundball, 4, EV 82.5 MPH)
Batting: RHB Taffounnout Kame 0-0: Called Strike
0-1: Swinging Strike
0-2: Ball
1-2: Foul Ball, location: 2F
1-2: Strikes out swinging
Bottom of the 4th over - 0 runs, 0 hits, 0 errors, 0 left on base; Atlanta (MID) 0 - Hagerstown 5
TOP OF THE 5TH
Atlanta (MID) Braves batting - Pitching for Hagerstown Suns : RHP Nolan Carew
Batting: RHB Adonis Jenifer 0-0: Foul Ball, location: 2F
0-1: Called Strike
0-2: Ball
1-2: Ball
2-2: Ball
3-2: Base on Balls
Batting: RHB Gabe Allen 0-0: Called Strike
0-1: Swinging Strike
0-2: Foul Ball, location: 2F
0-2: Ball
1-2: Strikes out swinging
Batting: LHB Eric Jackson 0-0: Ball
1-0: Foul Ball, location: 2F
1-1: Ball
2-1: Ball
3-1: Base on Balls
Adonis Jenifer to second
Pitching: RHP Gary Simmons
Batting: RHB George Provance 0-0: Foul Ball, location: 2F
0-1: Foul Ball, location: 2F
0-2: Foul Ball, location: 2F
0-2: Foul Ball, location: 2F
0-2: Ball
1-2: Ball
2-2: Strikes out swinging
Batting: LHB Tamaichi Sasada 0-0: Ball
1-0: Ball
2-0: Called Strike
2-1: Foul Ball, location: 2F
2-2: Foul Ball, location: 2F
2-2: DOUBLE (Line Drive, 5D, EV 97.5 MPH)
Adonis Jenifer scores
Eric Jackson to third
Batting: SHB Brett McEwen 0-0: Ball
1-0: Foul Ball, location: 2F
1-1: Ball
2-1: Foul Ball, location: 2F
2-2: Ground out U3 (Groundball, 34, EV 77.5 MPH)
Top of the 5th over - 1 run, 1 hit, 0 errors, 2 left on base; Atlanta (MID) 1 - Hagerstown 5
BOTTOM OF THE 5TH
Hagerstown Suns batting - Pitching for Atlanta (MID) Braves : RHP Walt Bunney
Batting: LHB Vince McLane 0-0: SINGLE (Groundball, 4MD, EV 97.5 MPH)
Batting: RHB Leo Gutierrez 0-0: Ball
1-0: Ball
2-0: DOUBLE (Line Drive, 89XD, EV 106.9 MPH)
Vince McLane to third
Batting: LHB Chance McWilliams 0-0: Foul Ball, location: 2F
0-1: Called Strike
0-2: Ground out 1-3 (Groundball, 23, EV 75.0 MPH)
Batting: RHB Luis Vargas 0-0: SINGLE (Flyball, 3D, EV 88.1 MPH)
Vince McLane scores
Leo Gutierrez to third
Pitching: RHP Jeremy Armstrong
Batting: RHB Xavier Reeves 0-0: Called Strike
0-1: Foul Ball, location: 2F
0-2: Strikes out swinging
Batting: RHB Jelexiz Cuenca 0-0: Ball
1-0: Called Strike
1-1: Ball
2-1: Foul Ball, location: 2F
2-2: Strikes out swinging
Bottom of the 5th over - 1 run, 3 hits, 0 errors, 2 left on base; Atlanta (MID) 1 - Hagerstown 6
TOP OF THE 6TH
Atlanta (MID) Braves batting - Pitching for Hagerstown Suns : RHP Gary Simmons
Batting: RHB Josh McCormick 0-0: Called Strike
0-1: Foul Ball, location: 2F
0-2: Strikes out swinging
Batting: RHB Nick Holsinger 0-0: Foul Ball, location: 2F
0-1: Ground out 6-3 (Groundball, 56, EV 84.4 MPH)
Batting: RHB Alex Campos 0-0: Called Strike
0-1: Called Strike
0-2: Foul Ball, location: 2F
0-2: Strikes out swinging
Top of the 6th over - 0 runs, 0 hits, 0 errors, 0 left on base; Atlanta (MID) 1 - Hagerstown 6
BOTTOM OF THE 6TH
Hagerstown Suns batting - Pitching for Atlanta (MID) Braves : RHP Jeremy Armstrong
Batting: RHB Joe Simmelink 0-0: Fly out, F8 (Flyball, 78XD, EV 95.0 MPH)
Batting: RHB Alex Martinez 0-0: Ball
1-0: Ball
2-0: Fly out, F8 (Flyball, 8RXD, EV 96.9 MPH)
Batting: RHB Taffounnout Kame 0-0: Swinging Strike
0-1: Called Strike
0-2: Foul Ball, location: 2F
0-2: Foul Ball, location: 2F
0-2: Ball
1-2: Foul Ball, location: 2F
1-2: Ball
2-2: SINGLE (Groundball, 6D, EV 98.1 MPH)
Batting: LHB Vince McLane 0-0: Ball
1-0: Ball
2-0: Fielders Choice at 2nd, 6-4 (Groundball, 6, EV 83.8 MPH)
Bottom of the 6th over - 0 runs, 1 hit, 0 errors, 1 left on base; Atlanta (MID) 1 - Hagerstown 6
TOP OF THE 7TH
Atlanta (MID) Braves batting - Pitching for Hagerstown Suns : RHP Gary Simmons
Batting: RHB Adonis Jenifer 0-0: Called Strike
0-1: Ball
1-1: Ball
2-1: Ball
3-1: Foul Ball, location: 2F
3-2: Foul Ball, location: 2F
3-2: Strikes out looking
Batting: RHB Gabe Allen 0-0: Ball
1-0: Called Strike
1-1: Ball
2-1: Fly out, F8 (Flyball, 8LD, EV 91.2 MPH)
Batting: LHB Eric Jackson 0-0: Ball
1-0: Ground out 5-3 (Groundball, 5, EV 100.0 MPH)
Top of the 7th over - 0 runs, 0 hits, 0 errors, 0 left on base; Atlanta (MID) 1 - Hagerstown 6
BOTTOM OF THE 7TH
Hagerstown Suns batting - Pitching for Atlanta (MID) Braves : RHP Jeremy Armstrong
Batting: RHB Leo Gutierrez 0-0: Ball
1-0: Called Strike
1-1: Ball
2-1: Called Strike
2-2: Strikes out swinging
Batting: LHB Chance McWilliams 0-0: Ball
1-0: Foul Ball, location: 2F
1-1: Ground out 1-3 (Groundball, 13S, EV 68.1 MPH)
Pitching: RHP Seriozha Darzinsh
Batting: RHB Luis Vargas 0-0: Foul Ball, location: 2F
0-1: Swinging Strike
0-2: Strikes out swinging
Bottom of the 7th over - 0 runs, 0 hits, 0 errors, 0 left on base; Atlanta (MID) 1 - Hagerstown 6
TOP OF THE 8TH
Atlanta (MID) Braves batting - Pitching for Hagerstown Suns : RHP Gary Simmons
Pinch Hitting: LHB Ricardo Sandoval 0-0: Ball
1-0: Called Strike
1-1: Ball
2-1: Swinging Strike
2-2: Ball
3-2: Strikes out swinging
Batting: LHB Tamaichi Sasada 0-0: Called Strike
0-1: Foul Ball, location: 2F
0-2: Ground out U3 (Groundball, 3L, EV 101.9 MPH)
Batting: SHB Brett McEwen 0-0: Ball
1-0: Foul Ball, location: 2F
1-1: Ball
2-1: Ball
3-1: Called Strike
3-2: Strikes out looking
Top of the 8th over - 0 runs, 0 hits, 0 errors, 0 left on base; Atlanta (MID) 1 - Hagerstown 6
BOTTOM OF THE 8TH
Hagerstown Suns batting - Pitching for Atlanta (MID) Braves : RHP Seriozha Darzinsh
Now in LF: Adonis Jenifer
Now in CF: Ricardo Sandoval
Batting: RHB Xavier Reeves 0-0: Ball
1-0: Fly out, F8 (Flyball, 8RS, EV 94.4 MPH)
Batting: RHB Jelexiz Cuenca 0-0: Foul Ball, location: 2F
0-1: Ball
1-1: Ball
2-1: Foul Ball, location: 2F
2-2: Ground out 6-3 (Groundball, 6, EV 91.9 MPH)
Batting: RHB Joe Simmelink 0-0: Called Strike
0-1: Ball
1-1: Ball
2-1: Foul Ball, location: 2F
2-2: Foul Ball, location: 2F
2-2: Ground out 5-3 (Groundball, 56, EV 101.2 MPH)
Bottom of the 8th over - 0 runs, 0 hits, 0 errors, 0 left on base; Atlanta (MID) 1 - Hagerstown 6
TOP OF THE 9TH
Atlanta (MID) Braves batting - Pitching for Hagerstown Suns : RHP Gary Simmons
Batting: RHB Josh McCormick 0-0: Called Strike
0-1: Ball
1-1: Fly out, F9 (Flyball, 9D, EV 91.2 MPH)
Batting: RHB Nick Holsinger 0-0: SINGLE (Line Drive, 5D, EV 102.5 MPH)
Pitching: RHP Jordan Amaker
Batting: RHB Alex Campos 0-0: Ball
1-0: Swinging Strike
1-1: Ball
2-1: Foul Ball, location: 2F
2-2: Foul Ball, location: 2F
2-2: Foul Ball, location: 2F
2-2: Foul Ball, location: 2F
2-2: Ball
3-2: SINGLE (Line Drive, 34D, EV 98.8 MPH)
Nick Holsinger to second
Batting: RHB Adonis Jenifer 0-0: Swinging Strike
0-1: Swinging Strike
0-2: Ball
1-2: Strikes out looking
Pinch Hitting: LHB Andres Aldape 0-0: Swinging Strike
0-1: Hit by Pitch
Nick Holsinger to third
Alex Campos to second
Batting: LHB Eric Jackson 0-0: Called Strike
0-1: Ball
1-1: Ball
2-1: SINGLE (Groundball, 5S, EV 73.1 MPH) (infield hit)
Nick Holsinger scores
Alex Campos to third
Andres Aldape to second
Pitching: LHP Kevin Besser
Batting: LHB Ricardo Sandoval 0-0: Called Strike
0-1: Ball
1-1: Foul Ball, location: 2F
1-2: Strikes out looking
Top of the 9th over - 1 run, 3 hits, 0 errors, 3 left on base; Atlanta (MID) 2 - Hagerstown 6
Sunday, July 16th , 2023 - OOTP Baseball 24.6 Build 69